 Dungeon Crawl Stone Soup version 0.27.0-1-g7a089689b8 (webtiles) character file.

Game seed: 15406387728832345586

56 fiver49 the Slasher (level 3, -1/27 HPs)
             Began as a Vampire Hunter on Aug 3, 2021.
             Killed from afar by Ijyb (10 damage)
             ... with a puff of flame
             ... on level 2 of the Dungeon.
             The game lasted 00:03:10 (1051 turns).

fiver49 the Slasher (Vampire Hunter)                Turns: 1051, Time: 00:03:11

Health: -1/27      AC:  5    Str: 12    XL:     3   Next: 71%
Magic:  3/3        EV: 11    Int: 13    God:
Gold:   6          SH:  0    Dex: 14    Spells: 2/2 levels left

rFire    . . .     SeeInvis +   a - +0 short sword
rCold    . . .     Faith    .   (no shield)
rNeg     . . .     Spirit   .   e - +0 ring mail
rPois    .         Reflect  .   (no helmet)
rElec    .         Harm     .   (no cloak)
rCorr    .         Rampage  .   (no gloves)
Will     .....                  (no boots)
Stlth    +.........             (no amulet)
HPRegen  0.29/turn              (no ring)
MPRegen  0.08/turn              (no ring)

@: healing quickly
A: alive, fangs 3, see invisible, vampiric 2
a: Exsanguinate


You were on level 2 of the Dungeon.
You visited 1 branch of the dungeon, and saw 2 of its levels.

You collected 6 gold pieces.

Inventory:

Hand Weapons
 a - a +0 short sword (weapon)
Missiles
 c - 5 javelins
 d - 2 throwing nets
 h - 6 poisoned darts (quivered)
Armour
 b - a +0 leather armour
 e - a +0 ring mail (worn)
Potions
 f - a potion of attraction {unknown}
 g - 2 potions of brilliance {unknown}


   Skills:
 - Level 1.7 Fighting
 + Level 3.4 Long Blades
 - Level 3.2 Throwing
 - Level 2.1 Dodging
 - Level 1.5 Stealth


You had 2 spell levels left.
You didn't know any spells.
Your spell library contained the following spells:

 Spells                   Type           Power      Damage    Failure   Level
 Corona                   Hex            0%         N/A       56%         1
 Summon Small Mammal      Summ           0%         N/A       56%         1
 Ensorcelled Hibernation  Hex/Ice        0%         N/A       71%         2
 Call Canine Familiar     Summ           0%         N/A       91%         3
 Summon Guardian Golem    Hex/Summ       0%         N/A       91%         3
 Tukima's Dance           Hex            0%         N/A       91%         3


Dungeon Overview and Level Annotations

Branches:
Dungeon (2/15)

Altars:

Annotations:
D:2 Ijyb


Innate Abilities, Weirdness & Mutations

Your natural rate of healing is accelerated.
You have razor-sharp teeth.
You have supernaturally acute eyesight. (SInv)
You are afflicted with vampirism and can become a bat while bloodless.


Message History

Ijyb hits you with a +3 spectral club.
You hit Ijyb but do no damage. Your bite misses Ijyb.
Ijyb is moderately wounded.
Ijyb screams, "I dance on your bones!"
Ijyb zaps a wand.
The puff of flame misses you.
You hit Ijyb.
Ijyb is moderately wounded.
Ijyb hits you with a +3 spectral club.
You are too injured to fight recklessly!
You are too injured to fight recklessly!
You are too injured to fight recklessly!
You are too injured to fight recklessly!
You are too injured to fight recklessly!
Throw: 10 darts (poison)
Press: ? - help, Q - select action, (/) - cycle Shift-Dir - straight line, f - Ijyb
Aim: Ijyb, wielding a +3 spectral club, wearing a +3 leather armour of positive energy and carrying a wand of flame (13) (moderately wounded, 51% to hit)
You throw a poisoned dart. The poisoned dart closely misses Ijyb.
The poisoned dart closely misses the goblin.
Ijyb zaps a wand.
The puff of flame hits you.
* * * LOW HITPOINT WARNING * * *
Unknown command.
Throw: 9 darts (poison)
Press: ? - help, Q - select action, (/) - cycle Shift-Dir - straight line, f/p - Ijyb
Aim: Ijyb, wielding a +3 spectral club, wearing a +3 leather armour of positive energy and carrying a wand of flame (12) (moderately wounded, 51% to hit)
You throw a poisoned dart. The poisoned dart closely misses Ijyb.
The poisoned dart hits the goblin!
The goblin is poisoned.
Ijyb zaps a wand.
The puff of flame misses you.
Throw: 8 darts (poison)
Press: ? - help, Q - select action, (/) - cycle Shift-Dir - straight line, f/p - Ijyb
Aim: Ijyb, wielding a +3 spectral club, wearing a +3 leather armour of positive energy and carrying a wand of flame (11) (moderately wounded, 51% to hit)
You throw a poisoned dart. The poisoned dart hits Ijyb.
Ijyb is poisoned.
Ijyb is moderately wounded.
Throw: 7 darts (poison)
Press: ? - help, Q - select action, (/) - cycle Shift-Dir - straight line, f/p - Ijyb
Aim: Ijyb, wielding a +3 spectral club, wearing a +3 leather armour of positive energy and carrying a wand of flame (11) (moderately wounded, poisoned, 51% to hit)
You throw a poisoned dart. The poisoned dart hits Ijyb.
Ijyb looks even sicker.
Ijyb is moderately wounded.
Ijyb zaps a wand.
The puff of flame hits you!
You die...

#.#.# #....................)
#...# ##........##....)..#..
##..# ##.......##.....#.#..
####.######
####........g.......
#.........# ####..#..#.......
#....######### #.#..#........
#[...#≈≈≈≈≈≈≈# #..g......####
#.)..#≈.....≈#######.........#
.....#≈.###.≈#..@gg.(..(.......
####.'..#
#..'.#####..........##
###≈.###.≈### #.........##
#≈.....≈# #.........# #≈≈≈≈≈≈≈#
#.........# #########
#.........# ##.......# #.....#


You could see Ijyb (very poisoned) and a goblin (very poisoned).

Vanquished Creatures
  An adder (D:2)
  A worm (D:1)
  A dart slug (D:1)
  2 endoplasms
  A giant cockroach (D:1)
  8 goblins
  2 hobgoblins (D:1)
  6 jackals (D:1)
  2 kobolds (D:2)
  4 quokkas
  2 ball pythons (D:2)
  A bat (D:1)
  2 frilled lizards
  4 rats (D:1)
37 creatures vanquished.

Notes
Turn   | Place    | Note
-------+----------+-------------------------------------------
     0 | D:1      | fiver49 the Vampire Hunter began the quest for the Orb.
     0 | D:1      | Reached XP level 1. HP: 16/16 MP: 1/1
    77 | D:1      | Reached skill level 1 in Long Blades
   257 | D:1      | Reached XP level 2. HP: 21/22 MP: 2/2
   664 | D:2      | Gained mutation: You are afflicted with vampirism and can
                  | become a bat while bloodless. [Vampire growth]
   664 | D:2      | Reached XP level 3. HP: 24/27 MP: 3/3
  1008 | D:2      | Noticed Ijyb
  1051 | D:2      | Killed from afar by Ijyb

Illustrated notes

Levels and vault maps discovered:
D:1:      wander_arrival_desolate, layout_basic
D:2:      kennysheep_the_goblin_king, layout_rooms,
          shapermc_ecumenical_altar_mp_urbaneastern,
          hangedman_abyss_or_decor_lesser_grid, minmay_strange_pillars,
          kennysheep_generic_room_11

Skill      XL: |  1  2  3 |
---------------+----------+-----
Long Blades    | 1 2 3 |  3.4
Fighting       | |  1.7
Throwing       | |  3.2
Dodging        | |  2.1
Stealth        | |  1.5

Action                   || total
-------------------------++-------
Melee: Short sword       ||   126
       Bite              ||    11
Throw: Javelin           ||     6
       Dart              ||    41
 Stab: Sleeping          ||     1
Armor: Ring mail         ||    45
Dodge: Dodged            ||    61
